 Dungeon Crawl Stone Soup version 0.30-a0-222-ge547ba4400 (webtiles) character file.

Game seed: 1277298869538569301

2750 qw the Cleaver (level 9, 0/57 HPs)
             Began as a Gargoyle Fighter on Oct 8, 2022.
             Shot with a sling bullet by Joseph (8 damage)
             ... on level 7 of the Dungeon.
             The game lasted 00:02:43 (5861 turns).

qw the Cleaver (Gargoyle Fighter)                   Turns: 5861, Time: 00:02:43

Health: 0/57       AC: 19    Str: 25    XL:     9   Next: 68%
Magic:  9/9        EV:  8    Int:  8    God:
Gold:   321        SH:  4    Dex:  9    Spells: 8/8 levels left

rFire   + . .      SeeInvis .    e - +4 war axe
rCold   . . .      Faith    .    c - +0 buckler
rNeg    + . .      Spirit   .    q - +0 chain mail
rPois   inf        Reflect  .    (no helmet)
rElec   +          Harm     .    (no cloak)
rCorr   .          Rampage  .    (no gloves)
Will    .....                    (no boots)
Stlth   ..........               (no amulet)
HPRegen 0.29/turn                s - +4 ring of protection
MPRegen 0.11/turn                j - ring of protection from fire

@: no status effects
A: sickness immunity, AC +6, negative energy resistance 1, electricity
resistance, torment resistance 1, petrification resistance
a: no special abilities


You were on level 7 of the Dungeon.
You visited 2 branches of the dungeon, and saw 8 of its levels.

You collected 321 gold pieces.


Innate Abilities, Weirdness & Mutations

You are immune to sickness and miasma.
Your stone body is resilient. (AC +6)
You are immune to poison.
You resist negative energy. (rN+)
You are resistant to electric shocks. (rElec)
You are resistant to unholy torment.
You are immune to petrification.


   Skills:
 + Level 7.4 Fighting
 - Level 10.0 Axes
 - Level 4.0 Armour
 - Level 1.6 Dodging
 - Level 4.3 Shields


You had 8 spell levels left.
You didn't know any spells.
Your spell library was empty.

Inventory:

Hand Weapons
 e - a +4 war axe (weapon)
 m - a +0 morningstar
Armour
 c - a +0 buckler (worn)
 q - a +0 chain mail (worn)
Jewellery
 j - a ring of protection from fire (right hand)
 n - a ring of positive energy
 s - a +4 ring of protection (left hand)
Scrolls
 a - 3 scrolls of identify
 o - a scroll of teleportation
Potions
 b - a potion of mutation
 d - 7 potions of might
 i - 2 potions of lignification
 l - 3 potions of curing
 r - 2 potions of attraction

Dungeon Overview and Level Annotations

Branches:
Dungeon (7/15)             Temple (1/1) D:7

Altars:
Ashenzari
Cheibriados
Dithmenos
Elyvilon
Fedhas
Hepliaklqana
Makhleb
Nemelex Xobeh
Ru
Sif Muna
Trog
Wu Jian
Xom
Yredelemnul
The Shining One

Shops:
D:4 *   D:5 (

Annotations:
D:7 Joseph


Message History

The killer bee closely misses you. x2
You completely miss the killer bee.
The killer bee is severely wounded.
The killer bee stings you but does no damage.
The killer bee misses you.
You miss the killer bee.
The killer bee is severely wounded.
You block the killer bee's attack. The killer bee barely misses you.
You slice the killer bee!!
You kill the killer bee!
Joseph shoots a sling bullet.
The sling bullet hits you!
Joseph shoots a sling bullet.
You block the sling bullet.
Joseph shoots a sling bullet.
The sling bullet closely misses you.
5850 ||| Stepping ~*~*~tactically~*~*~ (hiding).
5851 ||| Stepping ~*~*~tactically~*~*~ (hiding).
You start resting.
Joseph is nearby!
You hit Joseph.
Joseph is lightly wounded.
Joseph unwields a +0 sling.
Joseph wields a +0 quarterstaff.
Joseph hits you with a +0 quarterstaff!
You hit Joseph.
Joseph is lightly wounded.
Joseph hits you with a +0 quarterstaff!
5858 ||| READING 2 scrolls of teleportation.
As you read the scroll of teleportation, it crumbles to dust.
You feel strangely unstable. Joseph hits you with a +0 quarterstaff.
You slash Joseph!
Joseph is moderately wounded.
You block Joseph's attack.
You slash Joseph!
Joseph is moderately wounded.
You block Joseph's attack.
You slash Joseph!
Joseph is heavily wounded.
Your surroundings suddenly seem different.
Joseph unwields a +0 quarterstaff.
Joseph wields a +0 sling.
Joseph shoots a sling bullet.
The sling bullet hits you!
You die...

# ##. ## ##.. ..# #..##
.... #...#######....
#....#......... ###
#####..............
#.###..#..@............
##.#.......#....@....#
#......###.#..........#
...........#..........#
.#.#.#.#.#............#
....................>...
.#.......#..............
...........#############
.#...>...#.##
............##


You could see Joseph.

Vanquished Creatures
  Grinder (D:3)
  Eustachio (D:4)
  A water moccasin (D:6)
  An ice beast (D:5)
  3 black bears
  2 ogres
  A centaur (D:7)
  A phantom (D:4)
  Blork the orc (D:6)
  2 bullfrogs (D:7)
  4 scorpions
  5 wights (D:7)
  A killer bee (D:7)
  A howler monkey (D:6)
  A jelly (D:6)
  3 hounds
  5 orc priests
  2 gnoll boudas
  3 iguanas
  5 orc wizards
  13 gnolls
  6 adders
  2 shadow imps
  3 white imps
  An ufetubus (D:4)
  6 dart slugs
  26 orcs
  5 endoplasms
  4 giant cockroaches
  5 goblins
  5 hobgoblins
  9 jackals
  5 kobolds
  7 quokkas
  10 ball pythons
  2 bats (D:2)
  3 rats
156 creatures vanquished.

Notes
Turn   | Place    | Note
-------+----------+-------------------------------------------
     0 | D:1      | qw the Gargoyle Fighter began the quest for the Orb.
     0 | D:1      | Reached XP level 1. HP: 14/14 MP: 1/1
     0 | D:1      | 0 ||| qw: Version: 0.2-a-17-gfa9de96
     0 | D:1      | 0 ||| qw: Game counter: 2006
     0 | D:1      | 0 ||| qw: Always use a shield: true
     0 | D:1      | 0 ||| qw: God list: Okawaru
     0 | D:1      | 0 ||| qw: Allow faded altars: false
     0 | D:1      | 0 ||| qw: Do Orc after D:15 true
     0 | D:1      | 0 ||| qw: Do second Lair branch before Depths: true
     0 | D:1      | 0 ||| qw: Lair rune preference: random
     0 | D:1      | 0 ||| qw: Plans: Normal, Zot:1-4, God:TSO, Crypt, Tomb,
                  | Pan, Slime:5, Hells, Abyss, Orb
     0 | D:1      | 0 ||| PLANNING D:1-11
    36 | D:1      | Reached skill level 2 in Axes
    66 | D:1      | Reached XP level 2. HP: 18/19 MP: 2/2
   231 | D:1      | 231 ||| DROPPING +0 club.
   275 | D:1      | Reached skill level 3 in Axes
   287 | D:1      | Reached XP level 3. HP: 23/23 MP: 3/3
   386 | D:1      | 386 ||| Stepping ~*~*~tactically~*~*~ (stealth).
   420 | D:1      | 420 ||| READING 2 scrolls labelled BUNTECIEROCK.
   421 | D:1      | 421 ||| READING scroll labelled ZALAILIKOM.
   522 | D:1      | 522 ||| READING scroll labelled QOTI ZYOGRA.
   523 | D:1      | 523 ||| READING scroll labelled NUEBISE EH UTA.
   524 | D:1      | 524 ||| DRINKING 2 purple potions.
   525 | D:1      | 525 ||| DRINKING 2 lumpy orange potions.
   562 | D:1      | 562 ||| DRINKING 2 bubbling emerald potions.
   563 | D:1      | 563 ||| DROPPING potion of flight.
   790 | D:2      | Found a shimmering blue altar of Sif Muna.
   884 | D:2      | Found a faded altar of an unknown god.
   884 | D:2      | Noticed a shining eye
   888 | D:2      | Noticed a floating eye
   892 | D:2      | Noticed a golden eye
   892 | D:2      | Noticed a shining eye
  1347 | D:2      | 1347 ||| UPGRADING to ring of positive energy.
  1348 | D:2      | 1348 ||| READING scroll labelled GOCSAE TILUI.
  1349 | D:2      | 1349 ||| DRINKING 2 fuming puce potions.
  1350 | D:2      | 1350 ||| DROPPING potion of degeneration.
  1461 | D:3      | Noticed Grinder
  1463 | D:3      | Paralysed by Grinder for 2 turns
  1475 | D:3      | Paralysed by Grinder for 2 turns
  1483 | D:3      | 1483 ||| FLEEEEING.
  1484 | D:3      | 1484 ||| FLEEEEING.
  1485 | D:3      | 1485 ||| FLEEEEING.
  1486 | D:3      | 1486 ||| FLEEEEING.
  1487 | D:3      | 1487 ||| FLEEEEING.
  1488 | D:3      | 1488 ||| FLEEEEING.
  1489 | D:3      | 1489 ||| FLEEEEING.
  1490 | D:3      | 1490 ||| FLEEEEING.
  1495 | D:3      | 1495 ||| FLEEEEING.
  1496 | D:3      | 1496 ||| FLEEEEING.
  1497 | D:3      | 1497 ||| FLEEEEING.
  1498 | D:3      | Killed Grinder
  1499 | D:3      | Reached skill level 5 in Axes
  1499 | D:3      | Reached XP level 4. HP: 15/28 MP: 4/4
  1499 | D:3      | Reached XP level 5. HP: 17/32 MP: 5/5
  1499 | D:3      | Reached XP level 6. HP: 20/37 MP: 6/6
  1663 | D:3      | 1663 ||| DROPPING +0 whip.
  1971 | D:3      | 1971 ||| Stepping ~*~*~tactically~*~*~ (stealth).
  1977 | D:3      | 1977 ||| Stepping ~*~*~tactically~*~*~ (stealth).
  1980 | D:3      | 1980 ||| Stepping ~*~*~tactically~*~*~ (stealth).
  2128 | D:3      | Reached skill level 1 in Dodging
  2191 | D:3      | Reached XP level 7. HP: 42/43 MP: 7/7
  2220 | D:3      | Reached skill level 6 in Axes
  2309 | D:3      | 2309 ||| UPGRADING to ring of protection from fire.
  2310 | D:3      | 2310 ||| DRINKING 2 metallic orange potions.
  2311 | D:3      | 2311 ||| DROPPING potion of invisibility.
  2327 | D:4      | 2327 ||| STAIRDANCE
  2334 | D:4      | 2334 ||| STAIRDANCE
  2401 | D:4      | 2401 ||| STAIRDANCE
  2485 | D:4      | 2485 ||| Stepping ~*~*~tactically~*~*~ (hiding).
  2486 | D:4      | 2486 ||| Stepping ~*~*~tactically~*~*~ (hiding).
  2624 | D:4      | Found Kumm's CLEARANCE SALE!.
  2887 | D:4      | Reached skill level 7 in Axes
  3033 | D:4      | Noticed Eustachio
  3083 | D:4      | HP: 11/44 [quasit[Eustachio] (2)]
  3084 | D:4      | 3084 ||| DRINKING potion of heal wounds.
  3100 | D:4      | Killed Eustachio
  3101 | D:4      | Reached XP level 8. HP: 30/50 MP: 8/8
  3274 | D:4      | 3274 ||| Stepping ~*~*~tactically~*~*~ (stealth).
  3280 | D:4      | 3280 ||| Stepping ~*~*~tactically~*~*~ (stealth).
  3361 | D:4      | Found a blossoming altar of Fedhas.
  3361 | D:4      | Found a snail-covered altar of Cheibriados.
  3441 | D:4      | Found a broken altar of Ashenzari.
  3538 | D:4      | 3538 ||| UPGRADING to +0 chain mail.
  3548 | D:4      | 3548 ||| DROPPING +0 scale mail.
  3549 | D:4      | 3549 ||| DROPPING ring of positive energy.
  3550 | D:4      | 3550 ||| UPGRADING to +4 ring of protection.
  3552 | D:4      | 3552 ||| READING scroll labelled YVAANE NUTA.
  3553 | D:4      | 3553 ||| READING 2 scrolls labelled ONOSTAIFYN.
  3606 | D:4      | 3606 ||| READING scroll labelled GALALI SEILY.
  3607 | D:4      | 3607 ||| DRINKING 2 glowing grey potions.
  3608 | D:4      | 3608 ||| READING 4 scrolls of identify.
  3608 | D:4      | 3608 ||| IDENTIFYING red potion
  3609 | D:4      | 3609 ||| READING 3 scrolls of identify.
  3609 | D:4      | 3609 ||| IDENTIFYING blue potion
  3610 | D:4      | 3610 ||| READING 2 scrolls of identify.
  3610 | D:4      | 3610 ||| IDENTIFYING viscous dark potion
  3611 | D:4      | 3611 ||| DROPPING potion of ambrosia.
  3612 | D:4      | 3612 ||| DROPPING potion of brilliance.
  3613 | D:4      | 3613 ||| DROPPING potion of berserk rage.
  3631 | D:5      | Entered Level 5 of the Dungeon
  3837 | D:5      | 3837 ||| Stepping ~*~*~tactically~*~*~ (stealth).
  3850 | D:5      | Reached skill level 8 in Axes
  3919 | D:5      | Reached skill level 6 in Fighting
  4030 | D:5      | 4030 ||| FLEEEEING.
  4031 | D:5      | 4031 ||| FLEEEEING.
  4032 | D:5      | 4032 ||| FLEEEEING.
  4033 | D:5      | 4033 ||| FLEEEEING.
  4036 | D:5      | 4036 ||| FLEEEEING.
  4037 | D:5      | 4037 ||| FLEEEEING.
  4038 | D:5      | 4038 ||| FLEEEEING.
  4039 | D:5      | 4039 ||| FLEEEEING.
  4040 | D:5      | 4040 ||| FLEEEEING.
  4042 | D:5      | 4042 ||| FLEEEEING.
  4046 | D:5      | 4046 ||| STAIRDANCE
  4118 | D:4      | 4118 ||| READING scroll labelled FAGGEC SUGGUEZ.
  4119 | D:4      | 4119 ||| READING 2 scrolls of identify.
  4119 | D:4      | 4119 ||| IDENTIFYING golden potion
  4237 | D:5      | 4237 ||| Stepping ~*~*~tactically~*~*~ (stealth).
  4268 | D:5      | 4268 ||| Stepping ~*~*~tactically~*~*~ (stealth).
  4457 | D:5      | Found Iptelufom's Antique Weapon Shoppe.
  4624 | D:6      | Reached skill level 9 in Axes
  4754 | D:6      | Reached XP level 9. HP: 50/55 MP: 9/9
  5284 | D:6      | Noticed Blork the orc
  5292 | D:6      | Killed Blork the orc
  5574 | D:7      | Found a staircase to the Ecumenical Temple.
  5576 | D:7      | 5576 ||| PLANNING TEMPLE
  5576 | D:7      | 5576 ||| SWAPPING to +4 war axe.
  5577 | D:7      | 5577 ||| DROPPING +1 war axe.
  5578 | D:7      | 5578 ||| READING 3 scrolls of identify.
  5578 | D:7      | 5578 ||| IDENTIFYING sapphire potion
  5597 | Temple   | Entered the Ecumenical Temple
  5632 | Temple   | 5632 ||| PLANNING D:1-11
  5705 | D:7      | 5705 ||| Stepping ~*~*~tactically~*~*~ (hiding).
  5706 | D:7      | 5706 ||| Stepping ~*~*~tactically~*~*~ (hiding).
  5717 | D:7      | Reached skill level 10 in Axes
  5724 | D:7      | Noticed Joseph
  5731 | D:7      | HP: 7/57 [Joseph/sling bullet (8)]
  5732 | D:7      | 5732 ||| FLEEEEING.
  5733 | D:7      | 5733 ||| FLEEEEING.
  5734 | D:7      | 5734 ||| FLEEEEING.
  5735 | D:7      | 5735 ||| FLEEEEING.
  5736 | D:7      | 5736 ||| FLEEEEING.
  5737 | D:7      | 5737 ||| FLEEEEING.
  5739 | D:7      | 5739 ||| FLEEEEING.
  5742 | D:7      | 5742 ||| Stepping ~*~*~tactically~*~*~ (hiding).
  5744 | D:7      | 5744 ||| READING 4 scrolls of teleportation.
  5752 | D:7      | 5752 ||| READING 3 scrolls of teleportation.
  5850 | D:7      | 5850 ||| Stepping ~*~*~tactically~*~*~ (hiding).
  5851 | D:7      | 5851 ||| Stepping ~*~*~tactically~*~*~ (hiding).
  5857 | D:7      | HP: 11/57 [Joseph/+0 quarterstaff (8)]
  5858 | D:7      | 5858 ||| READING 2 scrolls of teleportation.
  5861 | D:7      | Shot with a sling bullet by Joseph

Levels and vault maps discovered:
D:1:      elethiomel_arrival_quiet, layout_rooms
D:2:      layout_basic, hellmonk_ecumenical_altar_watching_god, basic_altar
D:3:      layout_basic, uniq_grinder
D:4:      layout_loops_cross, mainiacjoe_overflow_cross_hatched, minitemple,
          nicolae_shop_clearance, uniq_eustachio
D:5:      layout_loops_ring, serial_shops, nicolae_shop_statue_plus
D:6:      layout_gridville, uniq_blork_the_orc
D:7:      minmay_s_stair_smasher, layout_cave_pools, kennysheep_little_box,
          minmay_temple_entry_glass, serial_rivers,
          chequers_serial_rivers_large_b, chequers_serial_rivers_room_a,
          chequers_serial_rivers_micro_a, chequers_serial_rivers_micro_b,
          chequers_serial_rivers_small_3, chequers_serial_rivers_room_b,
          uniq_joseph
Temple:   nicolae_temple_ecumenical_triangle

Skill      XL: |  1  2  3  4  5  6  7  8  9 |
---------------+----------------------------+-----
Axes           | 2 3 5 7 9 10 | 10.0
Fighting       | 4 5 6 7 |  7.4
Dodging        | 1 |  1.6
Shields        | 4 |  4.3
Armour         | 4 |  4.0

Action                   |  1- 3 |  4- 6 |  7- 9 || total
-------------------------+-------+-------+-------++-------
Melee: War axe           |   107 |    59 |   402 ||   568
  Use: Scroll            |     5 |       |    12 ||    17
       Potion            |     4 |       |     3 ||     7
Armor: Scale mail        |    48 |    23 |   241 ||   312
       Chain mail        |       |       |   145 ||   145
Dodge: Dodged            |    33 |    20 |   243 ||   296
Block: Buckler           |    22 |     7 |   115 ||   144

Table legend:
 A = Non-vault XP
 B = Vault XP
 C = Vault XP percentage of total XP
 D = Non-vault monster count
 E = Vault monster count
 F = Vault count percentage of total count
                 A         B        C        D         E       F
            +---------+---------+-------+---------+---------+-------
      Total |    2935 |     994 |  25.3 |     148 |       8 |   5.1
            +---------+---------+-------+---------+---------+-------
        D:1 |      51 |       0 |   0.0 |      28 |       0 |   0.0
        D:2 |      21 |       0 |   0.0 |      10 |       0 |   0.0
        D:3 |     366 |     286 |  43.9 |      27 |       1 |   3.6
        D:4 |     610 |     197 |  24.4 |      29 |       1 |   3.3
        D:5 |     600 |       0 |   0.0 |      31 |       0 |   0.0
        D:6 |     637 |      94 |  12.9 |       9 |       1 |  10.0
        D:7 |     650 |     417 |  39.1 |      14 |       5 |  26.3
            +---------+---------+-------+---------+---------+-------
